 Dungeon Crawl Stone Soup version 0.21-a0-41-g5e91fef (webtiles) character file.

620 roguesci the Skirmisher (level 7, -5/59 HPs)
             Began as a Yellow Draconian Ice Elementalist on June 3, 2017.
             Slain by a phantom (6 damage)
             ... on level 4 of the Dungeon.
             The game lasted 00:22:55 (5065 turns).

roguesci the Skirmisher (DrIE)                      Turns: 5065, Time: 00:22:56

Health: -5/59      AC:  7    Str: 10      XL:     7   Next: 22%
Magic:  13/13      EV: 13    Int: 18      God:
Gold:   144        SH:  0    Dex: 10 (11) Spells: 10/14 levels left

rFire    . . .     SeeInvis .   c - +1 dagger (venom)
rCold    . . .     Gourm    .   (no shield)
rNeg     . . .     Faith    .   (armour unavailable)
rPois    .         Spirit   .   (helmet restricted)
rElec    .         Reflect  .   l - +0 cloak
rCorr    +         Harm     .   (no gloves)
MR       .....                  (no boots)
Stlth    ++........             (no amulet)
Regen    0.2/turn               e - ring of wizardry
MPRegen  0.2/turn               (no ring)

@: no status effects
A: spit acid, acid resistance, unfitting armour, cold-blooded, AC +6
a: Breathe Acid


You were on level 4 of the Dungeon.
You were not hungry.

You visited 1 branch of the dungeon, and saw 4 of its levels.

You collected 144 gold pieces.

Inventory:

Hand Weapons
 c - a +1 dagger of venom (weapon)
 n - a +1 hand axe of chopping
 q - a +1 mace of holy wrath
 s - a +0 hunting sling
Missiles
 d - 154 stones (quivered)
Armour
 l - a +0 cloak (worn)
Jewellery
 e - a ring of wizardry (left hand)
Wands
 h - a wand of iceblast (9/15)
 i - a wand of polymorph (11/24)
 m - a wand of flame (18/48)
Scrolls
 j - a scroll of blinking
 o - a scroll of immolation {unknown}
 p - a scroll of identify
Books
 a - a book of Frost

   Spells                             Type                      Level
   a - Freeze                         Ice                          1
   b - Throw Frost                    Conjuration/Ice              2
   c - Ozocubu's Armour               Charms/Ice                   3
   d - Throw Icicle                   Conjuration/Ice              4
   e - Summon Ice Beast               Ice/Summoning                4
Comestibles
 b - 2 bread rations
 f - a chunk of flesh
 g - 3 meat rations


   Skills:
 * Level 4.1 Fighting
 * Level 3.9 Dodging
 + Level 3.2 Stealth
 * Level 4.0 Spellcasting
   Level 1.0 Conjurations
 + Level 3.9 Ice Magic


You had 10 spell levels left.
You knew the following spells:

 Your Spells              Type           Power        Failure   Level  Hunger
a - Freeze                Ice            ###.         1%          1    None
b - Ozocubu's Armour      Chrm/Ice       ##......     9%          3    ###....


Dungeon Overview and Level Annotations

Branches:
Dungeon (4/15)
 Temple: D:4-7

Altars:
Ashenzari
Cheibriados
Nemelex Xobeh

Annotations:
D:2 Grinder


Innate Abilities, Weirdness & Mutations

You can spit globs of acid.
You are resistant to acid.
Your golden yellow scales are hard. (AC +6)
You cannot fit into any form of body armour.
You are cold-blooded and may be slowed by cold attacks.


Message History

* * * LOW HITPOINT WARNING * * *
The adder moves out of view.
The phantom barely misses you.
The phantom blinks!
The phantom blinks!
Some of the chunks of flesh in your inventory have rotted away.
The phantom hits you!
* * * LOW HITPOINT WARNING * * *
The phantom hits you but does no damage.
The phantom misses you. The phantom barely misses you. The phantom hits you.
* * * LOW HITPOINT WARNING * * *
The phantom hits you but does no damage.
The phantom blinks!
The phantom blinks!
The phantom hits you.
* * * LOW HITPOINT WARNING * * *
The phantom hits you.
You die...

.. ...
######################''#
##
≈≈≈≈≈≈≈≈≈≈≈≈≈≈≈≈≈≈≈≈≈....
≈≈≈≈
≈≈≈≈≈≈≈≈≈≈≈≈≈≈≈≈≈≈≈≈≈....
≈≈≈≈
≈≈≈≈≈≈≈≈≈≈≈≈≈≈≈≈≈≈≈≈.....
≈≈≈≈
≈≈≈≈≈.≈≈≈≈≈≈.≈≈..)..≈....
≈≈≈.
..............(.@........
...
.........(((.(..W).......
..
#.##.#####.####..#.#..###
#.### ..##.#
#))....###.### .....
#.##.# #.####.# .# ####
#....#####.# #.# .#
#........((# #.# #
#.########## #.# #.#


You could see a phantom.

Vanquished Creatures
  A howler monkey (D:4)
  2 vampire bats (D:4)
  3 hounds (D:4)
  Crazy Yiuf (D:3)
  Ijyb (D:3)
  Jessica (D:2)
  Natasha (thrice) (D:3)
  An iguana (D:4)
  2 worker ants (D:4)
  7 adders
  A gnoll (D:4)
  4 oozes
  A worm (D:2)
  3 dart slugs
  2 leopard geckos (D:4)
  8 orcs
  10 bats
  A giant cockroach (D:2)
  7 hobgoblins
  2 jackals (D:1)
  3 kobolds
  A quokka (D:2)
  8 frilled lizards
  10 goblins
  9 rats
92 creatures vanquished.

Vanquished Creatures (others)
  4 fungi (D:3)
4 creatures vanquished.

Grand Total: 96 creatures vanquished

Notes
Turn   | Place    | Note
-------+----------+-------------------------------------------
     0 | D:1      | roguesci the Draconian Ice Elementalist began the quest for the Orb.
     0 | D:1      | Reached XP level 1. HP: 14/14 MP: 3/3
   414 | D:1      | Reached XP level 2. HP: 22/22 MP: 0/5
   713 | D:2      | Reached skill level 1 in Fighting
   909 | D:2      | Reached XP level 3. HP: 24/29 MP: 2/6
   914 | D:2      | Learned a level 3 spell: Ozocubu's Armour
  1553 | D:2      | Noticed Jessica
  1653 | D:2      | Killed Jessica
  1653 | D:2      | Reached XP level 4. HP: 36/37 MP: 5/7
  2279 | D:3      | Found a sparkling altar of Nemelex Xobeh.
  2318 | D:3      | Found a snail-covered altar of Cheibriados.
  2472 | D:3      | Noticed Natasha
  2489 | D:3      | Noticed Grinder
  2503 | D:3      | Killed Natasha
  2503 | D:3      | Reached XP level 5. HP: 37/42 MP: 3/9
  2550 | D:3      | Found a shattered altar of Ashenzari.
  2973 | D:2      | Paralysed by Grinder for 7 turns
  3297 | D:3      | Noticed Natasha
  3307 | D:3      | Killed Natasha
  3337 | D:3      | Noticed Ijyb
  3377 | D:3      | Killed Ijyb
  3496 | D:3      | Noticed Natasha
  3505 | D:3      | Killed Natasha
  4031 | D:3      | Found a runed door.
  4103 | D:3      | Noticed Crazy Yiuf
  4113 | D:3      | Killed Crazy Yiuf
  4113 | D:3      | Reached XP level 6. HP: 32/51 MP: 5/10
  4775 | D:4      | Your scales start taking on a golden yellow colour.
  4775 | D:4      | Reached XP level 7. HP: 53/58 MP: 7/12
  5064 | D:4      | HP: 1/59 [phantom (6)]
  5065 | D:4      | Slain by a phantom

Vault maps used:
D:1:      saegor_arrival_simple_a
D:2:      uniq_jessica
D:3:      cheibrodos_ashenzari_chains, grunt_temple_overflow_open, uniq_grinder,
          uniq_ijyb, uniq_natasha, uniq_crazy_yiuf_cottage
D:4:      minmay_goblin_kobold_castle, roderic_batcave

Skill      XL: |  1  2  3  4  5  6  7 |
---------------+----------------------+-----
Stealth        | 2 3 |  3.2
Dodging        | 2 3 |  3.9
Fighting       | 1 2 3 4 |  4.1
Spellcasting   | 3 4 |  4.0
Conjurations   | |  1.0
Ice Magic      | |  3.9

Action                   |  1- 3 |  4- 6 |  7- 9 || total
-------------------------+-------+-------+-------++-------
Melee: Unarmed           |   166 |    11 |       ||   177
       Tailslap          |    11 |    18 |     2 ||    31
       Dagger            |       |   173 |    31 ||   204
Throw: Stone             |     7 |    10 |       ||    17
 Cast: Freeze            |    25 |    41 |     2 ||    68
       Ozocubu's Armour  |     4 |    15 |       ||    19
 Abil: Breathe Acid      |       |       |     3 ||     3
  Use: Potion            |     5 |     2 |     2 ||     9
       Scroll            |     3 |     3 |       ||     6
 Stab: Sleeping          |     4 |     2 |       ||     6
  Eat: Chunk             |     2 |    12 |     1 ||    15
       Royal jelly       |       |     1 |       ||     1
Armor: Skin              |    45 |    86 |    12 ||   143
Dodge: Dodged            |   101 |   163 |    41 ||   305
